Map: Orbital Shipyard

Players

Bop - Winner!

  • Race: Protoss Protoss

ChefSanji

  • Race: Zerg Zerg

VOD

Have the link to the VOD?

Description

Time

  • Played on: May 3, 2015, 4:24 a.m.
  • Length: 7:05
Show
View Real Time Build Order
Export as new Build Order

Bop Protoss - Winner!

Build Orders: Mass Adepts 

Get SALT Encoding   

  12  0:01  Probe  
  13  0:15  Pylon  
  13  0:17  Probe  
  14  0:33  Probe (Chrono Boost)  
  15  0:41  Gateway  
  15  0:45  Probe (Chrono Boost)  
  15  0:49  Assimilator  
  16  0:54  Probe (Chrono Boost)  
  17  1:02  Probe  
  18  1:09  Pylon  
  18  1:14  Probe  
  19  1:29  Cybernetics Core  
  19  1:34  Gateway  
  19  1:38  Probe  
  20  1:50  Probe  
  21  2:02  Pylon  
  21  2:05  Adept  
  21  2:06  Warp Gate (Chrono Boost)  
  23  2:22  Adept  
  25  2:28  Gateway x2  
  25  2:32  Pylon  
  25  2:33  Adept  
  26  2:45  Gateway  
  26  2:55  Adept  
  28  2:59  Probe  
  28  3:02  Adept  
  31  3:22  Adept (Chrono Boost)  
  33  3:30  Pylon  
  33  3:31  Pylon  
  33  3:48  Adept x4  
  37  3:55  Adept  
  39  4:15  Adept x4  
  39  4:16  Adept  
  43  4:41  Adept  
  43  4:42  Adept x3  
  51  4:58  Probe  
  48  5:00  Assimilator  
  48  5:12  Zealot  
  50  5:25  Adept  
  50  5:26  Adept x3  
  50  5:28  Probe  
  51  5:40  Probe  
  52  5:49  Adept x4  
  55  6:00  Mothership Core (Chrono Boost)  
  56  6:10  Adept x2  
  60  6:11  Zealot  
  62  6:27  Pylon  
  58  6:45  Adept x4  
  64  6:56  Adept  
Show
View Real Time Build Order
Export as new Build Order

ChefSanji Zerg 

Build Orders: Hatch First 

Get SALT Encoding   

  12  0:01  Drone  
  13  0:12  Drone  
  14  0:19  Overlord  
  14  0:41  Drone  
  15  0:45  Hatchery  
  14  0:51  Drone  
  14  0:55  Drone  
  16  1:10  Drone, Spawning Pool  
  16  1:13  Extractor  
  16  1:16  Drone  
  16  1:20  Drone  
  16  1:24  Drone  
  18  1:39  Drone  
  19  1:47  Drone  
  20  1:59  Queen x2  
  20  2:00  Overlord  
  24  2:06  Zergling x2  
  25  2:09  Zergling x2  
  25  2:14  Metabolic Boost  
  26  2:23  Drone  
  26  2:24  Drone  
  28  2:32  Evolution Chamber  
  27  2:39  Drone  
  27  2:40  Drone x2, Overlord  
  30  2:55  Drone x2  
  30  2:58  Zerg Melee Weapons Level 1  
  32  2:59  Zergling x2  
  33  3:06  Zergling x4  
  35  3:20  Drone x4  
  35  3:21  Drone x4  
  35  3:26  Overlord  
  43  3:33  Spine Crawler  
  42  3:34  Zergling x2  
  42  3:36  Spine Crawler  
  40  3:42  Zergling x8  
  43  3:52  Zergling x10  
  43  3:53  Zergling x2  
  49  3:59  Spore Crawler  
  49  4:01  Spore Crawler  
  47  4:06  Zergling x6  
  52  4:16  Zergling x2  
  40  4:32  Zergling x8  
  40  4:33  Zergling x10  
  42  4:39  Zergling x2  
  34  4:47  Zergling x4  
  36  4:58  Zergling x2  
  36  4:59  Zergling x16  
  44  5:10  Overlord  
  44  5:14  Zergling x2  
  29  5:57  Hatchery  
  26  6:07  Drone x6  
  26  6:08  Drone x4  
  36  6:11  Drone x2  
  38  6:30  Zergling x8  
  38  6:31  Zergling x2  
  43  6:38  Zergling x2  
  43  6:48  Zergling x2  
Tags
 
Add a new tag
Caveats
  • Supply blocks, unpowered buildings, or Contaminate may cause inaccurate times.
  • Supply counts are checked every 10 seconds.